 Dungeon Crawl Stone Soup version 0.21.1-1-g345015f (webtiles) character file.

331259 wistyy the Slayer (level 20, -1/203 HPs)
             Began as a Minotaur Fighter on July 22, 2018.
             Was a High Priest of Okawaru.
             Killed by the air
             ... invoked by Sojobo
              (36 damage)
             ... on level 5 of the Vaults.
             The game lasted 04:37:32 (37048 turns).

wistyy the Slayer (Minotaur Fighter)               Turns: 37048, Time: 04:37:35

Health: -1/203     AC: 29    Str: 28    XL:     20   Next: 87%
Magic:  25/27      EV: 20    Int:  7    God:    Okawaru [*****.]
Gold:   2451       SH: 26    Dex: 23    Spells: 19/19 levels left

rFire    . . .     SeeInvis .   b - +5 morningstar (crush)
rCold    . . .     Gourm    .   W - +2 large shield {rPois}
rNeg     + . .     Faith    +   S - +1 plate armour {MR+}
rPois    +         Spirit   .   (helmet restricted)
rElec    .         Reflect  .   B - +1 cloak
rCorr    .         Harm     .   K - +0 pair of gloves of Music {rN+ Str+6} (curse)
MR       ++...                  A - +0 pair of boots {run}
Stlth    ..........             y - amulet of faith
HPRegen  0.83/turn              k - +2 ring of protection
MPRegen  0.20/turn              U - +5 ring of dexterity

@: marked, flying (expiring), quick
A: retaliatory headbutt, hooves 1, horns 2, icy blue scales 1, blurry vision 1,
clever 1, regeneration 1
}: 2/15 runes: decaying, gossamer
a: Heroism, Finesse, Renounce Religion


You were on level 5 of the Vaults.
You worshipped Okawaru.
Okawaru was extremely pleased with you.
You were not hungry.

You visited 6 branches of the dungeon, and saw 36 of its levels.

You collected 3192 gold pieces.
You spent 741 gold pieces at shops.

Inventory:

Hand Weapons
 b - a +5 morningstar of crushing (weapon)
 m - a +1 eveningstar of freezing
 T - a +2 vampiric battleaxe
 Y - the +3 mace "Taxkiy" {flame, +Fly SInv}
   (Okawaru gifted it to you on level 15 of the Dungeon)

   It has been specially enchanted to burn those struck by it, causing extra
   injury to most foes and up to half again as much damage against particularly
   susceptible opponents.
   It lets you see invisible.
   It lets you fly.
Armour
 o - the +1 plate armour of Precision Catastrophes {*Contam rN+++ Regen+ Slay-3}
   (Okawaru gifted it to you on level 4 of the Spider Nest)

   It affects your accuracy and damage with ranged weapons and melee attacks
   (-3).
   It renders you almost immune to negative energy.
   It causes magical contamination when unequipped.
   It increases your rate of regeneration.
 p - +0 fire dragon scales
 A - a +0 pair of boots of running (worn)
 B - a +1 cloak (worn)
 K - the cursed +0 pair of gloves of Music (worn) {rN+ Str+6}
   (You found it on level 10 of the Dungeon)

   It affects your strength (+6).
   It protects you from negative energy.
   It has a curse placed upon it.
 S - a +1 plate armour of magic resistance (worn)
 W - a +2 large shield of poison resistance (worn)
 Z - +0 ice dragon scales
Jewellery
 k - a +2 ring of protection (left hand)
 r - an uncursed ring of ice
 y - an amulet of faith (around neck)
 G - an uncursed ring of protection from fire
 M - an uncursed ring of protection from fire
 R - an uncursed amulet of regeneration
 U - a +5 ring of dexterity (right hand)
Wands
 x - a wand of iceblast (26)
 C - a wand of polymorph (13)
 E - a wand of digging (18)
 J - a wand of paralysis (42)
Scrolls
 a - a scroll of holy word
 e - 14 scrolls of remove curse
 h - 9 scrolls of enchant weapon
 j - 8 scrolls of immolation
 q - 3 scrolls of fear
 s - a scroll of identify
 I - 5 scrolls of enchant armour
 P - a scroll of silence
Potions
 c - a potion of brilliance
 d - 2 potions of might
 g - 2 potions of magic
 i - a potion of invisibility
 l - 3 potions of lignification
 t - a potion of cancellation
 v - 3 potions of resistance
 w - 11 potions of curing
 D - 7 potions of haste
 F - 7 potions of flight
 H - 6 potions of mutation
 N - a potion of berserk rage
 Q - a potion of agility
Books
 X - a book of Death

   Spells                             Type                      Level
   a - Corpse Rot                     Necromancy                   2
   b - Sublimation of Blood           Necromancy                   2
   c - Agony                          Necromancy                   5
   d - Dispel Undead                  Necromancy                   5
   e - Excruciating Wounds            Charms/Necromancy            5
   f - Bolt of Draining               Conjuration/Necromancy       5
Miscellaneous
 n - a crystal ball of energy
 u - a lightning rod (4/4)
 L - a phantom mirror
 V - a phial of floods
Comestibles
 f - 32 rations


   Skills:
 * Level 23.0 Fighting
 - Level 16.3 Maces & Flails
 + Level 17.4 Armour
 + Level 16.6 Dodging
 + Level 18.2 Shields
 + Level 11.1 Invocations
 - Level 6.0 Evocations


You had 19 spell levels left.
You didn't know any spells.

Dungeon Overview and Level Annotations

Branches:
Dungeon (15/15)              Lair (6/6) D:11          Swamp (4/4) Lair:2
 Spider (4/4) Lair:3        Slime (0/5) Lair:6          Orc (2/2) D:10
 Vaults (5/5) D:13          Crypt (0/3) Vaults:3     Depths (0/5) D:15
 Temple: D:4-7          Elf: Orc:2

Altars:
Dithmenos
Elyvilon
Fedhas
Okawaru
The Shining One
Beogh
Jiyva

Shops:
D:13 (   D:14 [   Vaults:3 *   Vaults:4 =

Annotations:
D:6 Prince Ribbit
Vaults:5 Sojobo


Innate Abilities, Weirdness & Mutations

You reflexively headbutt those who attack you in melee.
You have a pair of horns on your head.
You have large cloven feet.
You are partially covered in icy blue scales. (AC +2)
Scrolls take you a little longer to read.
Your mind is acute. (Int +2)
Your natural rate of healing is unusually fast.


Message History

You block the air elemental's attack. x3; The air elemental misses you.
The deep elf mage casts a spell.
The deep elf mage blinks!
The air elemental completely misses you.
The air elemental hits you but does no damage.
The winds around the air elemental calm down.
The yaktaur's soul is no longer bound.
A vortex of raging winds appears around the air elemental!
You block the air elemental's attack. x2
The deep elf mage gestures wildly while chanting.
The deep elf mage blinks!
The air elemental hits you.
* * * LOW HITPOINT WARNING * * *
The air elemental's attack snaps the deep elf mage out of its fear.
The vortex of raging winds lifts you up.
You fly up into the air.
* * * LOW HITPOINT WARNING * * *
You block the air elemental's attack.
Sojobo waves her feathered arms in wide circles.
The air twists around and violently strikes you in flight!
You die...

######################
.%.....§§§.QQ..).§.§§p
......§§§§*D..p..§§§Qp
#################e.§§.*Q.########
................@EEC§..Gcc.. ...
##.......##....##E#§E..#.p... ...
##.......###|. #.#.§..#####.. .#
#..#####..### #..#....# .
(..#|(.#...# ...#....#
[..#[|)#..?# #}..#....#
#..##'##.)######..#....#
##.......###..###.#...p#
##.##.##)##....##.#


You could see Sojobo, a shadow dragon (fleeing), a titan, 2 tengu reavers, a
great orb of eyes, an earth elemental, a deep elf mage, 3 air elementals and 2
battlespheres.

Vanquished Creatures
  An ancient lich (Vaults:5)
  Frederick (Vaults:4)
  Margery (Vaults:5)
  the Lernaean hydra (Swamp:4)
  Jorgrun (Vaults:5)
  4 tentacled monstrosities (Vaults:5)
  Rupert (D:13)
  A titan (Vaults:5)
  A lich (Vaults:2)
  A shadow dragon (Vaults:5)
  A quicksilver dragon (Vaults:5)
  Kirke (Lair:5)
  Gastronok (D:12)
  2 sphinxes (Vaults:5)
  The ghost of nicolaieve the Executioner, an adept MiBe of Trog (Swamp:4)
  4 tengu reavers
  Donald (Swamp:4)
  Louise (D:14)
  6 ghost moths
  2 frost giants
  A deep elf sorcerer (Vaults:5)
  9 vault wardens
  A ghoul (Vaults:2)
  3 large abominations (Vaults:5)
  5 emperor scorpions (Spider:4)
  4 very ugly things
  8 stone giants
  14 ironheart preservers
  5 entropy weavers
  3 deep elf demonologists
  A spark wasp (Spider:3)
  5 deep elf annihilators
  3 ettins
  The ghost of poirepourri the Blocker, a journeyman DDFi of Makhleb (Spider:1)
  2 deep elf death magi
  5 fire dragons
  A crystal guardian (Vaults:3)
  10 yaktaur captains
  Fannar (Orc:1)
  7 ogre magi
  21 vault guards
  A deep elf high priest (Vaults:5)
  A quicksilver dragon skeleton (Vaults:4)
  19 hydras
  3 ice dragons
  A rakshasa (D:14)
  5 death knights
  4 centaur warriors (Vaults:2)
  8 death scarabs (Spider:4)
  8 alligators
  A deep troll earth mage (Vaults:2)
  27 two-headed ogres
  A death yak (shapeshifter) (Vaults:5)
  An orc high priest (Orc:2)
  2 deep elf knights
  4 shadow wraiths
  7 hell knights (Vaults:5)
  2 wizards
  13 skeletal warriors
  An unseen horror (D:14)
  2 spriggan druids
  4 deep trolls
  A flayed ghost (Vaults:2)
  3 glowing orange brains
  5 deep elf archers
  11 swamp dragons
  11 ironbrand convokers
  2 shambling mangroves
  10 orc knights
  2 phantasmal warriors
  A necromancer (Vaults:4)
  2 lindwurms (Lair:6)
  7 orb spiders
  4 spectral wolf spiders (Spider:4)
  10 deep elf magi
  A harpy (shapeshifter) (D:13)
  25 wolf spiders
  A frost giant zombie (Vaults:4)
  6 oklob plants
  An orc sorcerer (Vaults:2)
  A cyclops (Vaults:2)
  A cyclops (shapeshifter) (D:15)
  4 wolf spider zombies
  The ghost of eeldvark the Carver, a novice DsGl of Makhleb (D:5)
  2 manticores
  2 moths of wrath
  3 elephants (Lair:6)
  19 ugly things
  2 fire giant skeletons (Vaults:3)
  A sphinx skeleton (Vaults:3)
  2 centaur zombies
  4 human skeletons (Vaults:3)
  Maurice (D:8)
  A stone giant skeleton (Vaults:4)
  4 black mambas
  8 torpor snails
  4 gargoyles
  8 vault sentinels
  19 spiny frogs
  3 centaur skeletons
  A small abomination (Vaults:5)
  12 demonic crawlers
  2 human zombies (Vaults:4)
  3 spectral redbacks (Spider:4)
  11 komodo dragons
  2 kobold demonologists (D:14)
  31 yaktaurs
  10 freezing wraiths
  3 rime drakes (Lair:6)
  A redback zombie (Spider:4)
  2 jumping spiders (shapeshifter)
  9 trolls
  3 meliai (Spider:2)
  25 jumping spiders
  A queen bee (Spider:2)
  3 yaktaur skeletons
  A merfolk (shapeshifter) (D:15)
  2 spectral jumping spiders (Spider:4)
  A hornet (shapeshifter) (Vaults:4)
  16 slime creatures
  A polar bear (Vaults:2)
  A spectral tarantella (Spider:4)
  A harpy skeleton (D:15)
  3 tarantella zombies (Spider:4)
  8 blink frogs
  8 dream sheep
  Grinder (D:5)
  A hippogriff (shapeshifter) (D:15)
  9 hippogriffs
  A dream sheep (shapeshifter) (D:15)
  22 hornets
  A stone giant simulacrum (Vaults:2)
  3 tyrant leeches (Lair:6)
  18 bog bodies
  3 jumping spider zombies (Spider:4)
  2 human simulacra (Vaults:2)
  62 redbacks
  3 shadows
  4 spriggans
  A vampire (D:11)
  2 wyverns
  A tarantella (shapeshifter) (D:13)
  32 tarantellas
  4 wraiths
  The ghost of wistyy the Cudgeler, an amateur MiFi (D:4)
  3 ettin skeletons
  2 hogs (Lair:5)
  41 yaks
  Grum (D:8)
  6 basilisks
  2 steam dragons (Lair:6)
  2 hungry ghosts
  26 vampire mosquitoes
  3 wargs
  3 insubstantial wisps (Swamp:2)
  26 swamp worms
  A deep troll zombie (Vaults:4)
  Duvessa (D:6)
  2 acid dragons
  11 water moccasins
  8 porcupines
  A deep troll skeleton (Vaults:3)
  A sky beast (shapeshifter) (Vaults:3)
  18 swamp drakes
  A black bear (D:8)
  4 ice beasts
  3 phantoms
  2 eyes of draining
  23 orc warriors
  3 sky beasts
  23 ogres
  12 centaurs
  14 crocodiles
  22 wolves
  9 boggarts (Vaults:2)
  An elf skeleton (Vaults:3)
  5 big kobolds
  Blork the orc (D:6)
  22 bullfrogs
  A gnoll sergeant (D:7)
  Dowan (D:6)
  7 scorpions
  17 killer bees
  A killer bee (shapeshifter) (D:15)
  8 howler monkeys
  9 wights
  9 crimson imps
  3 bullfrog zombies
  2 quasits
  7 jellies
  4 hounds
  10 orc priests
  12 orc wizards
  12 iguanas
  6 worker ants
  2 hound skeletons
  A howler monkey zombie (D:7)
  2 worker ant zombies (D:5)
  11 gnolls
  8 adders
  5 shadow imps
  An adder zombie (D:8)
  2 adder skeletons
  17 worms
  4 dart slugs
  10 leopard geckos
  81 orcs
  2 ball pythons
  12 giant cockroaches
  12 hobgoblins
  14 jackals
  2 quokkas
  8 bats
  4 frilled lizards
  8 goblins
  9 kobolds
  A leopard gecko skeleton (D:3)
  9 rats
  2 fungi
  14 plants
1436 creatures vanquished.

Vanquished Creatures (collateral kills)
  A deep elf high priest (Vaults:5)
  A vault guard (Vaults:5)
2 creatures vanquished.

Vanquished Creatures (others)
  An ettin (Vaults:5)
  2 necromancers
  A jumping spider (Spider:4)
  A boggart (Vaults:2)
  A quokka (D:2)
  11 fungi
  18 plants
35 creatures vanquished.

Grand Total: 1473 creatures vanquished

Notes
Turn   | Place    | Note
-------+----------+-------------------------------------------
     0 | D:1      | wistyy the Minotaur Fighter began the quest for the Orb.
     0 | D:1      | Reached XP level 1. HP: 19/19 MP: 0/0
   154 | D:1      | Reached XP level 2. HP: 25/26 MP: 1/1
   463 | D:1      | Gained mutation: You have large cloven feet. [potion of mutation]
   463 | D:1      | Gained mutation: Your natural rate of healing is unusually fast. [potion of mutation]
   463 | D:1      | Gained mutation: You are partially covered in icy blue scales. (AC +2) [potion of mutation]
   463 | D:1      | Gained mutation: Your mind is acute. (Int +2) [potion of mutation]
   567 | D:1      | Reached XP level 3. HP: 31/31 MP: 2/2
  1009 | D:2      | Reached skill level 5 in Maces & Flails
  1033 | D:2      | Reached XP level 4. HP: 39/39 MP: 3/3
  1387 | D:2      | Found a white marble altar of Elyvilon.
  1485 | D:3      | Found a blossoming altar of Fedhas.
  1637 | D:3      | Reached XP level 5. HP: 45/45 MP: 4/4
  2071 | D:4      | Noticed wistyy's ghost (amateur MiFi)
  2078 | D:4      | Killed wistyy's ghost
  2078 | D:4      | Reached XP level 6. HP: 38/51 MP: 5/5
  2449 | D:4      | Found an iron altar of Okawaru.
  2484 | D:4      | Became a worshipper of Warmaster Okawaru
  2738 | D:5      | Entered Level 5 of the Dungeon
  2774 | D:5      | Noticed Grinder
  2785 | D:5      | Killed Grinder
  2785 | D:5      | Reached skill level 10 in Maces & Flails
  2785 | D:5      | Reached XP level 7. HP: 38/57 MP: 6/6
  3592 | D:5      | Noticed eeldvark's ghost (novice DsGl)
  3609 | D:5      | Killed eeldvark's ghost
  3609 | D:5      | Reached * piety under Okawaru
  3609 | D:5      | Reached ** piety under Okawaru
  3609 | D:5      | Reached skill level 5 in Fighting
  3609 | D:5      | Reached skill level 5 in Armour
  3609 | D:5      | Reached skill level 5 in Shields
  3609 | D:5      | Reached XP level 8. HP: 47/68 MP: 7/7
  4036 | D:6      | Noticed Blork the orc
  4050 | D:6      | Killed Blork the orc
  4050 | D:6      | Reached skill level 6 in Fighting
  4157 | D:6      | Noticed Prince Ribbit
  4245 | D:6      | Noticed Duvessa
  4248 | D:6      | Noticed Dowan
  4259 | D:6      | Killed Duvessa
  4265 | D:6      | Killed Dowan
  4493 | D:7      | Reached XP level 9. HP: 68/78 MP: 8/8
  4558 | D:7      | Reached *** piety under Okawaru
  4814 | D:7      | Reached skill level 7 in Fighting
  5334 | D:8      | Noticed Maurice
  5363 | D:8      | Killed Maurice
  5557 | D:8      | Noticed a two-headed ogre
  5563 | D:8      | Killed a two-headed ogre
  5563 | D:8      | Reached **** piety under Okawaru
  5563 | D:8      | Reached skill level 8 in Fighting
  5649 | D:8      | Noticed Grum
  5671 | D:8      | Killed Grum
  5671 | D:8      | Reached XP level 10. HP: 71/88 MP: 9/9
  5794 | D:8      | Reached ***** piety under Okawaru
  5842 | D:8      | Noticed a two-headed hydra
  5851 | D:8      | Killed a two-headed hydra
  5851 | D:8      | Reached skill level 1 in Invocations
  6296 | D:9      | Received a gift from Okawaru
  7150 | D:10     | Entered Level 10 of the Dungeon
  7150 | D:10     | Found a staircase to the Orcish Mines.
  7369 | D:10     | Got a pair of smoking gloves
  7370 | D:10     | Noticed a green ugly thing
  7401 | D:10     | Noticed a two-headed ogre
  7419 | D:10     | Killed a green ugly thing
  7494 | D:10     | Identified the cursed +0 pair of gloves of Music {rN+ Str+6} (You found it on level 10 of the Dungeon)
  7519 | D:10     | Reached XP level 11. HP: 95/95 MP: 11/11
  7960 | D:10     | Killed a two-headed ogre
  7960 | D:10     | Reached skill level 9 in Fighting
  8070 | D:11     | Noticed a two-headed ogre
  8078 | D:11     | Killed a two-headed ogre
  8103 | D:11     | Noticed an oklob plant
  8131 | D:11     | Reached skill level 15 in Maces & Flails
  8162 | D:11     | Received a gift from Okawaru
  8334 | D:11     | Found a staircase to the Lair.
  8336 | D:11     | Noticed an oklob plant
  8355 | D:11     | Killed an oklob plant
  8569 | D:11     | Received a gift from Okawaru
  8620 | D:11     | Got an encrusted chain mail {god gift}
  8660 | D:11     | Identified the +1 chain mail "Amioxino" {MR+ Regen+} (Okawaru gifted it to you on level 11 of the Dungeon)
  8952 | D:12     | Noticed Gastronok
  8967 | D:12     | Killed Gastronok
  8967 | D:12     | Reached skill level 10 in Fighting
  8967 | D:12     | Reached XP level 12. HP: 99/107 MP: 4/13
  9026 | D:12     | Noticed a death knight
  9035 | D:12     | Noticed a two-headed ogre
  9053 | D:12     | Noticed Rupert
  9070 | D:13     | Killed a two-headed ogre
  9163 | D:13     | Killed Rupert
  9163 | D:13     | Received a gift from Okawaru
  9163 | D:13     | Reached skill level 11 in Fighting
  9163 | D:13     | Reached skill level 10 in Armour
  9163 | D:13     | Reached skill level 10 in Shields
  9190 | D:12     | Killed a death knight
  9238 | D:12     | Reached skill level 5 in Invocations
  9308 | D:12     | Noticed a two-headed ogre
  9311 | D:12     | Noticed a death knight
  9317 | D:12     | Killed a two-headed ogre
  9317 | D:12     | Reached skill level 12 in Fighting
  9323 | D:12     | Killed a death knight
  9740 | D:13     | Found Ymiulef's Antique Weapon Shoppe.
  9771 | D:13     | Noticed a two-headed ogre
  9780 | D:13     | Killed a two-headed ogre
  9780 | D:13     | Reached skill level 1 in Dodging
  9987 | D:13     | Received a gift from Okawaru
 10037 | D:13     | Found a gate to the Vaults.
 10039 | D:13     | Reached XP level 13. HP: 119/119 MP: 16/16
 10755 | D:14     | Noticed Louise
 10799 | D:14     | Killed Louise
 10799 | D:14     | Reached skill level 13 in Fighting
 11335 | D:14     | Received a gift from Okawaru
 11534 | D:14     | Found Susaova's Armour Emporium.
 11721 | D:15     | Entered Level 15 of the Dungeon
 11755 | D:15     | Reached ****** piety under Okawaru
 11789 | D:15     | Found a staircase to the Depths.
 11794 | D:15     | Received a gift from Okawaru
 12193 | D:15     | Reached skill level 14 in Fighting
 12402 | D:15     | Found a shadowy altar of Dithmenos.
 12435 | D:15     | Reached skill level 5 in Dodging
 12440 | D:15     | Received a gift from Okawaru
 12447 | D:15     | Got a scorched mace {god gift}
 12451 | D:15     | Identified the +3 mace "Taxkiy" {flame, +Fly SInv} (Okawaru gifted it to you on level 15 of the Dungeon)
 12811 | Orc:1    | Entered Level 1 of the Orcish Mines
 12811 | Orc:1    | Noticed Fannar
 12823 | Orc:1    | Killed Fannar
 12987 | Orc:2    | Entered Level 2 of the Orcish Mines
 12987 | Orc:2    | Found a roughly hewn altar of Beogh.
 13034 | Orc:2    | Reached XP level 14. HP: 121/132 MP: 11/17
 13662 | D:11     | Received a gift from Okawaru
 13709 | Lair:1   | Entered Level 1 of the Lair of Beasts
 14925 | Lair:2   | Found a staircase to the Swamp.
 15076 | Lair:2   | Reached skill level 15 in Fighting
 16559 | Lair:3   | Found a hole to the Spider Nest.
 16726 | Lair:3   | Received a gift from Okawaru
 18709 | Lair:5   | Noticed Kirke
 18725 | Lair:5   | Killed Kirke
 19070 | Lair:6   | Entered Level 6 of the Lair of Beasts
 19349 | Lair:6   | Reached XP level 15. HP: 106/143 MP: 16/18
 19427 | Lair:6   | Got a distressingly furry chain mail
 19438 | Lair:6   | Identified the +5 chain mail of Pandemonium {MP+9 Int+5} (You found it on level 6 of the Lair of Beasts)
 19460 | Lair:6   | Identified a scroll of acquirement
 19642 | Lair:6   | Found a viscous altar of Jiyva.
 19642 | Lair:6   | Found a staircase to the Slime Pits.
 19879 | Lair:6   | Found a runed door.
 19969 | Lair:6   | Reached skill level 16 in Fighting
 19998 | Lair:6   | Received a gift from Okawaru
 20555 | Spider:1 | Entered Level 1 of the Spider Nest
 20747 | Spider:1 | Noticed poirepourri's ghost (journeyman DDFi)
 20758 | Spider:1 | Killed poirepourri's ghost
 20864 | Spider:1 | Reached skill level 10 in Dodging
 20915 | Spider:1 | Reached skill level 15 in Shields
 20990 | Spider:1 | Received a gift from Okawaru
 21600 | Spider:2 | Reached skill level 1 in Evocations
 21701 | Spider:2 | Killed a ghost moth
 22043 | Spider:3 | Reached skill level 17 in Fighting
 22101 | Spider:3 | Received a gift from Okawaru
 22143 | Spider:3 | Reached XP level 16. HP: 148/155 MP: 19/19
 22778 | Spider:4 | Entered Level 4 of the Spider Nest
 24037 | Spider:4 | Reached skill level 18 in Fighting
 24655 | Spider:4 | Received a gift from Okawaru
 24697 | Spider:4 | Got an ichor-stained plate armour {god gift}
 24708 | Spider:4 | Identified the +1 plate armour of Precision Catastrophes {*Contam rN+++ Regen+ Slay-3} (Okawaru gifted it to you on level 4 of the Spider Nest)
 24747 | Spider:4 | Gained mutation: Scrolls take you a little longer to read. [mutagenic glow]
 25597 | Spider:4 | Reached skill level 5 in Evocations
 25630 | Spider:4 | Got a gossamer rune of Zot
 26113 | Swamp:1  | Entered Level 1 of the Swamp
 26269 | Swamp:1  | Reached XP level 17. HP: 145/166 MP: 20/20
 26290 | Swamp:1  | Found the +8 whip "Snakebite" {curare, rPois}
 27238 | Swamp:2  | Found a glowing golden altar of the Shining One.
 28088 | Swamp:3  | Reached skill level 19 in Fighting
 28382 | Swamp:4  | Entered Level 4 of the Swamp
 28530 | Swamp:4  | Noticed nicolaieve's ghost (adept MiBe)
 28581 | Swamp:4  | Killed nicolaieve's ghost
 28651 | Swamp:4  | Received a gift from Okawaru
 28667 | Swamp:4  | Noticed Donald
 28687 | Swamp:4  | Killed Donald
 28965 | Swamp:4  | Got an ancient great mace {god gift}
 28971 | Swamp:4  | Identified the +2 great mace of Kyanor {holy, rElec rF- rN+} (Okawaru gifted it to you on level 4 of the Swamp)
 28980 | Swamp:4  | Noticed the 27-headed Lernaean hydra
 29297 | Swamp:4  | Killed the 27-headed Lernaean hydra
 29489 | Swamp:4  | Got a decaying rune of Zot
 30356 | Vaults:1 | Entered Level 1 of the Vaults
 30521 | Vaults:1 | Received a gift from Okawaru
 30606 | Vaults:1 | Reached skill level 15 in Armour
 30707 | Vaults:1 | You fall through a shaft!
 30922 | Vaults:2 | Reached XP level 18. HP: 122/178 MP: 22/22
 31339 | Vaults:2 | Reached skill level 20 in Fighting
 31653 | Vaults:2 | Received a gift from Okawaru
 32576 | Vaults:2 | Received a gift from Okawaru
 32585 | Vaults:2 | Reached skill level 15 in Dodging
 33205 | Vaults:3 | Found Ugo Taymno's Assorted Antiques.
 33618 | Vaults:3 | Reached XP level 19. HP: 186/188 MP: 24/24
 33657 | Vaults:3 | Reached skill level 21 in Fighting
 33662 | Vaults:3 | Found a staircase to the Crypt.
 33947 | Vaults:4 | Paralysed by an ogre mage for 4 turns
 34010 | Vaults:4 | Noticed Frederick
 34027 | Vaults:4 | Killed Frederick
 34027 | Vaults:4 | Received a gift from Okawaru
 34198 | Vaults:4 | Identified a +0 pair of boots of running (Okawaru gifted it to you on level 4 of the Vaults)
 34237 | Vaults:4 | Noticed a Tzitzimitl
 35208 | Vaults:4 | Found Jariluov's Jewellery Boutique.
 35366 | Vaults:4 | Bought a +5 ring of dexterity for 741 gold pieces
 35512 | Vaults:5 | Entered Level 5 of the Vaults
 35960 | Vaults:5 | Reached skill level 10 in Invocations
 35969 | Vaults:5 | Reached skill level 22 in Fighting
 35987 | Vaults:5 | Received a gift from Okawaru
 35992 | Vaults:5 | Reached XP level 20. HP: 182/200 MP: 23/26
 36083 | Vaults:5 | Noticed Jorgrun
 36196 | Vaults:5 | Killed Jorgrun
 36309 | Vaults:5 | Noticed an ancient lich
 36333 | Vaults:5 | Killed an ancient lich
 36333 | Vaults:5 | Received a gift from Okawaru
 36837 | Vaults:5 | Noticed Margery
 36870 | Vaults:5 | Noticed a golden dragon
 36873 | Vaults:5 | Killed Margery
 36873 | Vaults:5 | Received a gift from Okawaru
 36999 | Vaults:5 | Noticed Sojobo
 37022 | Vaults:5 | Reached skill level 23 in Fighting
 37048 | Vaults:5 | Killed from afar by Sojobo

Skill      XL: |  1  2  3  4  5  6  7  8  9 10 11 12 13 14 15 16 17 18 19 20 |
---------------+-------------------------------------------------------------+-----
Maces & Flails | 3 4 5 6 8 10 11 14 16 | 16.3
Fighting       | 5 6 8 10 12 14 15 17 18 19 20 22 23 | 23.0
Armour         | 5 6 8 9 10 11 12 13 14 15 16 17 | 17.4
Shields        | 5 6 8 9 10 12 14 15 16 17 18 | 18.2
Invocations    | 1 3 5 6 8 10 11 | 11.1
Dodging        | 1 5 8 11 13 14 15 16 | 16.6
Evocations     | 2 5 6 |  6.0

Action                   |  1- 3 |  4- 6 |  7- 9 | 10-12 | 13-15 | 16-18 | 19-21 || total
-------------------------+-------+-------+-------+-------+-------+-------+-------++-------
Melee: Flail             |   105 |   131 |   257 |   280 |       |       |       ||   773
       Headbutt          |    15 |    23 |    50 |   134 |   404 |   605 |   373 ||  1604
       Kick              |    12 |    28 |    88 |   200 |       |       |       ||   328
       Morningstar       |       |       |       |   257 |  1286 |  1828 |   926 ||  4297
       Mace              |       |       |       |       |   118 |       |       ||   118
Invok: Heroism           |       |       |     4 |    24 |    46 |    51 |    19 ||   144
       Finesse           |       |       |       |     9 |    22 |    31 |    18 ||    80
Evoke: Wand              |       |       |       |    10 |    13 |     2 |       ||    25
       Phial of floods   |       |       |       |       |       |       |     2 ||     2
  Use: Scroll            |     1 |     4 |     5 |    11 |    20 |    15 |     6 ||    62
       Potion            |     1 |     1 |     2 |     4 |       |     6 |    10 ||    24
  Eat: Chunk             |     1 |     5 |     6 |    10 |     5 |     3 |       ||    30
       Ration            |       |       |     1 |     2 |    10 |    11 |     3 ||    27
Armor: Scale mail        |    36 |    36 |    70 |     9 |       |       |       ||   151
       Chain mail        |       |       |       |   120 |   287 |   147 |       ||   554
       Skin              |       |       |       |       |     3 |       |       ||     3
       Plate armour      |       |       |       |       |       |   376 |   123 ||   499
Dodge: Dodged            |    35 |    26 |    65 |    99 |   299 |   652 |   179 ||  1355
Block: Shield            |    57 |    54 |   103 |   260 |    37 |       |       ||   511
       Large shield      |       |       |       |       |  1126 |  1782 |   622 ||  3530
